 Dungeon Crawl Stone Soup version 0.28.0-45-g0d030f2227 (webtiles) character file.

Game seed: 8986989766519909682

150 NinjaNoafa the Skirmisher (level 5, -19/47 HPs)
             Began as a Hill Orc Fighter on Apr 12, 2022.
             Engulfed by a cloud of flame (21 damage)
             ... on level 3 of the Dungeon.
             The game lasted 00:03:53 (2718 turns).

NinjaNoafa the Skirmisher (Hill Orc Fighter)        Turns: 2718, Time: 00:03:56

Health: -19/47     AC:  7    Str: 21    XL:     5   Next: 32%
Magic:  5/5        EV:  9    Int:  8    God:
Gold:   85         SH:  4    Dex: 10    Spells: 4/4 levels left

rFire   . . .      SeeInvis .   a - +1 war axe
rCold   . . .      Faith    .   c - +0 buckler
rNeg    . . .      Spirit   .   b - +0 scale mail
rPois   .          Reflect  .   (no helmet)
rElec   .          Harm     .   (no cloak)
rCorr   .          Rampage  .   (no gloves)
Will    .....                   (no boots)
Stlth   ..........              (no amulet)
HPRegen 0.15/turn               (no ring)
MPRegen 0.09/turn               (no ring)

@: no status effects
A: no striking features
a: no special abilities


You were on level 3 of the Dungeon.
You visited 1 branch of the dungeon, and saw 3 of its levels.

You collected 85 gold pieces.

Inventory:

Hand Weapons
 a - a +1 war axe (weapon)
 m - a +0 hunting sling
Missiles
 f - 137 stones (quivered)
 n - 21 sling bullets
Armour
 b - a +0 scale mail (worn)
 c - a +0 buckler (worn)
Jewellery
 r - a ring of poison resistance
Scrolls
 e - a scroll of vulnerability
 g - a scroll of acquirement
 h - 2 scrolls of amnesia
 k - 2 scrolls of noise
Potions
 j - a potion of curing {unknown}
 l - a potion of attraction {unknown}


   Skills:
 + Level 4.7 Fighting
 + Level 4.1 Axes
 + Level 4.3 Armour
 + Level 4.2 Shields


You had 4 spell levels left.
You didn't know any spells.
Your spell library contained the following spells:

 Spells                   Type           Power      Damage    Failure   Level
 Apportation              Tloc           0%         N/A       83%         1
 Alistair's Intoxication  Tmut/Pois      0%         N/A       100%        5


Dungeon Overview and Level Annotations

Branches:
Dungeon (3/15)

Altars:

Shops:
D:1 *

Annotations:
D:3 Robin


Message History

You block the goblin's attack. The goblin hits you with a +0 dagger.
The goblin hits you but does no damage.
As you read the scroll of identify, it crumbles to dust.
e - a scroll of vulnerability The goblin hits you with a +0 club.
The goblin hits you with a +0 dagger. The goblin barely misses you.
As you read the scroll of identify, it crumbles to dust.
g - a scroll of acquirement The goblin misses you.
The goblin completely misses you. The goblin barely misses you.
As you read the scroll of identify, it crumbles to dust.
h - 2 scrolls of amnesia The goblin barely misses you.
The goblin closely misses you. The goblin misses you.
Okay, then.
As you read the scroll labelled GEUT HAODUDU, it crumbles to dust.
It is a scroll of enchant weapon.
Your +0 war axe glows red for a moment.
The goblin hits you but does no damage. You block the goblin's attack.
A goblin comes into view. It is wielding a +0 dagger.
You block the goblin's attack.
As you read the scroll labelled ZISKIOT IHOA, it crumbles to dust.
The creatures around you are filled with an inner flame!
It was a scroll of immolation.
The goblin hits you but does no damage. x3
As you read the scroll labelled VIECHO FIGEN, it crumbles to dust.
You assume a fearsome visage.
Robin looks frightened!
The hobgoblin looks frightened!
The goblin looks frightened! x5
The endoplasm looks frightened!
It was a scroll of fear.
Cornered, Robin turns to fight!
Robin throws the goblin at you!
You closely miss the goblin. The goblin hits you but does no damage.
You block the goblin's attack.
The endoplasm quivers.
You slash the goblin!
The goblin explodes!
The fiery explosion engulfs you!!
Ouch! That really hurt!
* * * LOW HITPOINT WARNING * * *
You are engulfed in blazing flames.
You die...

#.#
#.......###...###.##..#
#.# #.# #####.### ##.##
#.##..###.# ..# #.# #.#
#.........# #.#######.#
#.# ###########
#.........# #.#
########### #.# #§# #§#
... #@# ... #.# # #..
#.# ..#..##g######
#.......J.g.g#
........).#ggJ#
####g#..)##


#ggg. ...##.## ### #.# ### #.# ##.# You could see Robin (inner flame) and an
endoplasm (inner flame).

Vanquished Creatures
  Jessica (D:3)
  Natasha (D:2)
  An orc wizard (D:3)
  2 adders
  4 orcs (D:3)
  3 ball pythons
  4 bats
  3 endoplasms
  2 giant cockroaches (D:1)
  6 hobgoblins
  4 jackals (D:1)
  3 quokkas
  2 frilled lizards (D:1)
  6 goblins
  5 kobolds
  3 rats
50 creatures vanquished.

Notes
Turn   | Place    | Note
-------+----------+-------------------------------------------
     0 | D:1      | NinjaNoafa the Hill Orc Fighter began the quest for the
                  | Orb.
     0 | D:1      | Reached XP level 1. HP: 19/19 MP: 1/1
    20 | D:1      | Found Putzetto's General Store.
    81 | D:1      | Reached XP level 2. HP: 27/27 MP: 2/2
   584 | D:2      | Reached XP level 3. HP: 33/33 MP: 3/3
   707 | D:2      | Found a faded altar of an unknown god.
  1195 | D:2      | Noticed Natasha
  1205 | D:2      | Killed Natasha
  1206 | D:2      | Reached XP level 4. HP: 39/40 MP: 4/4
  2312 | D:3      | Reached XP level 5. HP: 26/47 MP: 5/5
  2514 | D:3      | Noticed Jessica
  2524 | D:3      | Killed Jessica
  2703 | D:3      | Noticed Robin
  2707 | D:3      | Identified a scroll of acquirement
  2718 | D:3      | HP: 2/47 [spore (34)]
  2718 | D:3      | Engulfed by a cloud of flame

Illustrated notes

Levels and vault maps discovered:
D:1:      scummos_arrival_simple_fountains, layout_basic, serial_shops,
          nicolae_lakefront_shop, nrook_mini_backslash
D:2:      layout_basic, ebering_ecumenical_altar_webs, skrybe_limestone_x,
          kennysheep_generic_room_12, uniq_natasha
D:3:      layout_loops_corners, hangedman_decor_diamond_cutter, uniq_jessica,
          uniq_robin

Skill      XL: |  1  2  3  4 |
---------------+-------------+-----
Axes           | 3 4 |  4.1
Fighting       | 4 |  4.7
Armour         | 4 |  4.3
Shields        | 4 |  4.2

Action                   |  1- 3 |  4- 6 || total
-------------------------+-------+-------++-------
Melee: War axe           |    86 |    82 ||   168
  Use: Scroll            |       |     7 ||     7
       Potion            |       |     1 ||     1
Armor: Scale mail        |    44 |    46 ||    90
Dodge: Dodged            |    55 |    40 ||    95
Block: Buckler           |    26 |    28 ||    54
